[Event "Late-Titled-Tuesday-Blitz-September-12-2023"]
[Site "Chess.com"]
[Date "2023.09.12"]
[Round "1"]
[White "Taran2004"]
[Black "chessdjw"]
[Result "1/2-1/2"]
[WhiteElo "2415"]
[BlackElo "2746"]
[TimeControl "180+1"]
[EndTime "14:06:00 PDT"]
[Termination "Game drawn by repetition"]

1. e4 e5 2. Nf3 Nc6 3. d4 exd4 4. Nxd4 Nf6 5. Nxc6 bxc6 6. e5 Qe7 7. Qe2 Nd5 8. h4 Qe6 9. g3 a5 10. Bh3 f5 11.
exf6 Qxe2+ 12. Kxe2 Nxf6 13. Re1 d5 14. Kf3+ Kf7 15.
Bxc8 Rxc8 16. Bg5 Bb4 17. c3 Bd6 18. Nd2 a4 19. b3 Ra8 20. g4 Nd7 21. Bf4 Nc5 22.
Bxd6 cxd6 23. b4 Nd3 24. Re3 Ne5+ 25. Kg3 h5 26. gxh5 Rxh5 27. f4 Ng6 28. Nf3 Ne7 29. Kg4 g6 30. Rae1 Nf5 31. Re6 Rah8 32. a3 Nh6+ 33.
Kg3 Nf5+ 34. Kg4 Nh6+ 35. Kg3 Nf5+ 36. Kg4 1/2-1/2

[Event "Late-Titled-Tuesday-Blitz-September-12-2023"]
[Site "Chess.com"]
[Date "2023.09.12"]
[Round "1"]
[White "Chaos_Magic"]
[Black "SaqoChess_Twitch"]
[Result "0-1"]
[WhiteElo "2397"]
[BlackElo "2727"]
[TimeControl "180+1"]
[EndTime "14:06:02 PDT"]
[Termination "SaqoChess_Twitch won by checkmate"]

1. d4 d5 2. Nf3 e6 3. c4 Nf6 4.
e3 Be7 5. Nbd2 O-O 6. Bd3 c5 7. O-O cxd4 8. Nxd4 Nc6 9. Nxc6 bxc6 10. b3 e5 11. Bb2 e4 12. Be2 Be6 13. Qc2 a5 14. a3 h5 15. Rfd1 h4 16. h3 Qd7 17. Nf1 Rfc8 18.
Rac1 Qe8 19. Rd2 Qf8 20. Ra1 g5 21. Qc3 Qh6 22. Rc1 g4 23. hxg4 Nxg4 24. Bxg4 Bxg4 25.
Qe5 Be6 26. Rdc2 h3 27. gxh3 Kh7 28. cxd5 Rg8+ 29. Ng3 cxd5 30. Rc7 Bg5 31. Kf1 Bxe3 32. fxe3 Qxh3+ 33. Ke2 Rxg3 34. Kd2 Rg2+ 35. Kc3 Qxe3# 0-1

[Event "Late-Titled-Tuesday-Blitz-September-12-2023"]
[Site "Chess.com"]
[Date "2023.09.12"]
[Round "1"]
[White "whiteglovethief"]
[Black "HanSchut"]
[Result "0-1"]
[WhiteElo "2548"]
[BlackElo "2281"]
[TimeControl "180+1"]
[EndTime "14:06:05 PDT"]
[Termination "HanSchut won by resignation"]

1. d4 Nf6 2. c4 g6 3. Nf3 Bg7 4.
Nc3 d5 5. cxd5 Nxd5 6. e4 Nxc3 7.
bxc3 c5 8. Rb1 Nc6 9. d5 Ne5 10. Bb5+ Bd7 11. O-O O-O 12. Bf4 Nxf3+ 13. Qxf3 e6 14.
c4 e5 15. Be3 b6 16. Qe2 f5 17.
f3 f4 18. Bf2 g5 19. Bxd7 Qxd7 20. Rb5 h5 21. h3 Rf6 22. Rfb1 Rg6 23. a4 g4 24. fxg4 hxg4 25. hxg4 Qxg4 26. Qxg4 Rxg4 27. a5 f3 28. g3 Rxe4 29. axb6 axb6 30. Rxb6 Rxc4 31.
Rc6 e4 32. Rxc5 Rxc5 33. Bxc5 Ra5 34. d6 Rxc5 35. d7 Bf6 36. Rb6 Bd4+ 37. Kh2 Rc2+ 0-1

[Event "Late-Titled-Tuesday-Blitz-September-12-2023"]
[Site "Chess.com"]
[Date "2023.09.12"]
[Round "1"]
[White "Lady_Nika"]
[Black "jcibarra"]
[Result "0-1"]
[WhiteElo "2464"]
[BlackElo "2921"]
[TimeControl "180+1"]
[EndTime "14:06:06 PDT"]
[Termination "jcibarra won by resignation"]

1. e4 c5 2. Nc3 a6 3. g3 b5 4. Bg2 Bb7 5. d3 e6 6. f4 d5 7. e5 h5 8. h4 Ne7 9. Nf3 Nf5 10. Ne2 d4 11. O-O Nd7 12. Kh2 Nb6 13. Bd2 Nd5 14. Qc1 Nde3 15. Bxe3 Nxe3 16. Rf2 Ng4+ 17. Kg1 Nxf2 18. Kxf2 Rc8 19. a4 c4 20. Qd2 Bc5 21. axb5 axb5 22. Qa5 Qd7 23. Ng5 O-O 24. Bxb7 Qxb7 25. Qe1 cxd3 26. cxd3 Be7 27. Ne4 Rc2 28. Kf3 Rfc8 29. Nxd4 Rxb2 30. f5 Qd5 31. f6 Bc5 32. Rc1 Qxd4 33. g4 Qxd3+ 34. Kf4 Qe3+ 0-1

[Event "Late-Titled-Tuesday-Blitz-September-12-2023"]
[Site "Chess.com"]
[Date "2023.09.12"]
[Round "1"]
[White "nevermind242"]
[Black "Korchmar_Vasiliy"]
[Result "0-1"]
[WhiteElo "2370"]
[BlackElo "2696"]
[TimeControl "180+1"]
[EndTime "14:06:08 PDT"]
[Termination "Korchmar_Vasiliy won by checkmate"]

1. Nf3 d5 2. g3 g6 3. Bg2 Bg7 4. c4 c6 5. O-O e5 6. cxd5 cxd5 7. Qa4+ Nc6 8. d4 e4 9. Ne5 Ne7 10. Bg5 f6 11. Nxc6 Nxc6 12. Bd2 O-O 13. e3 Be6 14.
Nc3 Qd7 15. Rfc1 f5 16. Bf1 g5 17. Bb5 f4 18. exf4 gxf4 19. Ne2 e3 20. fxe3 fxg3 21.
hxg3 Bg4 22. Nf4 Bf3 23. Bxc6 Qg4 24. Be1 bxc6 25. Rxc6 Rxf4 26. exf4 Qh3 27. Qc2 Bxd4+ 28. Bf2 Qg2# 0-1

[Event "Late-Titled-Tuesday-Blitz-September-12-2023"]
[Site "Chess.com"]
[Date "2023.09.12"]
[Round "1"]
[White "FredddieCroderg"]
[Black "Macron20hTF1"]
[Result "0-1"]
[WhiteElo "2320"]
[BlackElo "2626"]
[TimeControl "180+1"]
[EndTime "14:06:08 PDT"]
[Termination "Macron20hTF1 won by checkmate"]

1. e4 c6 2. d3 d5 3. Nd2 e5 4.
Ngf3 Bd6 5. g3 Nf6 6. Bg2 O-O 7. O-O Re8 8. c3 a5 9. Re1 h6 10. h3 Na6 11. Nf1 Nc5 12. Qc2 dxe4 13. dxe4 Qe7 14. Nh4 Be6 15. Nf5 Bxf5 16. exf5 e4 17. Be3 Nd3 18.
Re2 Qe5 19. g4 Nf4 20. Rd2 Rad8 21. Re1 h5 22. Bd4 Nxg2 23. Kxg2 Qf4 24. Bxf6 gxf6 25. Ne3 Qf3+ 26. Kg1 Qxh3 27. Ng2 Qh2+ 28. Kf1 Qh1+ 29. Ke2 Qxg2 30. gxh5 Qf3+ 31. Kf1 e3 32. Rde2 Qh1# 0-1

[Event "Late-Titled-Tuesday-Blitz-September-12-2023"]
[Site "Chess.com"]
[Date "2023.09.12"]
[Round "1"]
[White "PedroGil25"]
[Black "thedjoker98"]
[Result "1-0"]
[WhiteElo "2333"]
[BlackElo "2608"]
[TimeControl "180+1"]
[EndTime "14:06:08 PDT"]
[Termination "PedroGil25 won by checkmate"]

1. e4 e5 2. Nf3 Nc6 3. Nc3 Nf6 4. Bb5 Nd4 5. Bc4 Bc5 6. d3 d6 7. Nxd4 Bxd4 8. Ne2 Bb6 9. h3 h6 10. Ng3 c6 11. Bb3 O-O 12. O-O d5 13. Qf3 Re8 14.
Re1 a5 15. a4 Be6 16. Nf5 dxe4 17. dxe4 Bxb3 18. Qxb3 Nxe4 19. Rxe4 Qd1+ 20. Kh2 Bxf2 21. Be3 Qxa1 22. Bxf2 Re6 23. Rg4 g6 24. Nxh6+ Kg7 25. Nf5+ Kg8 26. Qxb7 Rf8 27. Bc5 Qf1 28. Nh6+ Kg7 29.
Bxf8+ Kxf8 30. Qc8+ Re8 31. Qxc6 Rd8 32. Rg3 Rd1 33.
Qc8+ Ke7 34. Ng8+ Kd6 35. Qd8+ Kc5 36. Rc3+ Kb4 37. Qb6+ Kxa4 38. Qb3# 1-0

[Event "Late-Titled-Tuesday-Blitz-September-12-2023"]
[Site "Chess.com"]
[Date "2023.09.12"]
[Round "1"]
[White "YEIKO2017"]
[Black "ZuraTqebuchava"]
[Result "1-0"]
[WhiteElo "2546"]
[BlackElo "2242"]
[TimeControl "180+1"]
[EndTime "14:06:08 PDT"]
[Termination "YEIKO2017 won on time"]

1. e4 e5 2. Nf3 Nc6 3. Bb5 Be7 4. O-O d6 5. d4 exd4 6. Nxd4 Bd7 7. Nxc6 bxc6 8. Ba4 Nf6 9. Nc3 O-O 10. Re1 c5 11. Bxd7 Nxd7 12. Nd5 Nb6 13. Nxe7+ Qxe7 14. b3 a5 15. a4 c4 16. Bb2 cxb3 17. cxb3 Qe6 18. Re3 f6 19. Rc1 Rf7 20. f3 Rb8 21. Ba1 Na8 22.
Rec3 c5 23. Rd3 Rb6 24. Qd2 Rxb3 25. Rxd6 Qe7 26. Rd8+ Rf8 27. Qd5+ Qf7 28. Rxf8+ 1-0

[Event "Late-Titled-Tuesday-Blitz-September-12-2023"]
[Site "Chess.com"]
[Date "2023.09.12"]
[Round "1"]
[White "rasmussvane"]
[Black "DvaHrasta"]
[Result "1-0"]
[WhiteElo "2985"]
[BlackElo "2479"]
[TimeControl "180+1"]
[EndTime "14:06:09 PDT"]
[Termination "rasmussvane won on time"]

1. Nf3 Nf6 2. g3 d5 3. Bg2 c5 4. O-O Nc6 5. d4 Bg4 6. Ne5 cxd4 7. Nxg4 Nxg4 8. e3 Nf6 9. exd4 e6 10. c3 Be7 11. Nd2 O-O 12. a4 a6 13. Qe2 Rc8 14. Re1 Re8 15. Nf3 Bd6 16. Be3 h6 17. Red1 Na5 18. Ne1 Nc4 19. Nd3 Nxe3 20. Qxe3 Qb6 21.
Re1 Nd7 22. Re2 Nb8 23. Kh1 Nc6 24. f4 Na5 25. Qf2 Nc4 26. f5 Be7 27. fxe6 fxe6 28. Rae1 Bf6 29. Nf4 e5 30. Bxd5+ Kh8 31. Ng6+ Kh7 32.
Qf5 1-0

[Event "Late-Titled-Tuesday-Blitz-September-12-2023"]
[Site "Chess.com"]
[Date "2023.09.12"]
[Round "1"]
[White "Ducke13"]
[Black "SpeedofLight0"]
[Result "0-1"]
[WhiteElo "2506"]
[BlackElo "3101"]
[TimeControl "180+1"]
[EndTime "14:06:10 PDT"]
[Termination "SpeedofLight0 won on time"]

1. d4 Nf6 2. g3 d5 3. Nf3 Bf5 4. c4 e6 5. Nc3 c6 6. Nh4 Bg4 7. h3 Bh5 8. g4 Bg6 9. g5 Ne4 10. Nxg6 Nxc3 11. bxc3 hxg6 12. Qb3 Qb6 13. c5 Qc7 14.
Bf4 Qc8 15. Bg2 Nd7 16. Bg3 Be7 17. h4 b6 18. cxb6 axb6 19. c4 Ra3 20. Qc2 Bb4+ 21. Kf1 Rc3 22. Qb2 Rxc4 23. Rc1 Qa6 24. Rxc4 Qxc4 25.
Kg1 O-O 26. h5 gxh5 27. Rxh5 Ra8 28. Qb1 Nf8 29. Be5 Qxe2 30. Rh2 Qe1+ 31. Qxe1 Bxe1 32.
Kf1 Bc3 33. Bf3 Rxa2 34. Kg2 Ng6 0-1

[Event "Late-Titled-Tuesday-Blitz-September-12-2023"]
[Site "Chess.com"]
[Date "2023.09.12"]
[Round "1"]
[White "Rutricks"]
[Black "xozr"]
[Result "1-0"]
[WhiteElo "2686"]
[BlackElo "2362"]
[TimeControl "180+1"]
[EndTime "14:06:11 PDT"]
[Termination "Rutricks won by checkmate"]

1. Nf3 Nf6 2. b3 g6 3. Bb2 Bg7 4. g3 O-O 5. Bg2 d6 6. d4 c6 7.
O-O Ne4 8. c4 d5 9. Ne5 Bf5 10.
f3 Nf6 11. Nc3 Nfd7 12. e4 dxe4 13. fxe4 Nxe5 14. exf5 Ned7 15. Qd2 Na6 16. Rad1 Qb6 17. Kh1 Rad8 18. Ba3 Rfe8 19. fxg6 fxg6 20. Ne4 Ne5 21.
Ng5 Bf6 22. Ne6 Rd7 23. Qf4 Nf7 24. Bxe7 Rdxe7 25. Qxf6 Nc7 26. Qg7# 1-0

[Event "Late-Titled-Tuesday-Blitz-September-12-2023"]
[Site "Chess.com"]
[Date "2023.09.12"]
[Round "1"]
[White "expii"]
[Black "HalfIsCrayfish"]
[Result "0-1"]
[WhiteElo "2259"]
[BlackElo "2555"]
[TimeControl "180+1"]
[EndTime "14:06:11 PDT"]
[Termination "HalfIsCrayfish won on time"]

1. e4 c6 2. d4 d5 3. f3 e6 4. Nc3 Nf6 5. e5 Nfd7 6. f4 b5 7.
a3 b4 8. axb4 Bxb4 9. Nf3 f6 10.
Bd3 O-O 11. O-O c5 12. Be3 Nc6 13. Qd2 cxd4 14. Nxd4 Nxd4 15. Bxd4 Bc5 16. Qe3 Qb6 17. Bxc5 Qxc5 18. Qxc5 Nxc5 19. Bb5 fxe5 20. fxe5 Rxf1+ 21. Rxf1 Bd7 22. Bxd7 Nxd7 23. Re1 Rb8 24. b3 Rc8 25. Nb5 Rxc2 26. Nxa7 Rb2 27. Nc6 Rxb3 28. Nd4 Rb6 29. Re2 Kf7 30. Kf2 Ke7 31. Nf3 Nc5 32. Rc2 Rc6 33. Ke3 Kd7 34. Nd4 Rc7 0-1

[Event "Late-Titled-Tuesday-Blitz-September-12-2023"]
[Site "Chess.com"]
[Date "2023.09.12"]
[Round "1"]
[White "rookoco"]
[Black "drragnar1"]
[Result "1-0"]
[WhiteElo "2708"]
[BlackElo "2381"]
[TimeControl "180+1"]
[EndTime "14:06:12 PDT"]
[Termination "rookoco won by resignation"]

1. e4 g6 2. d4 Bg7 3. Nf3 d6 4. Be2 Nf6 5. Nc3 O-O 6. O-O c5 7. dxc5 dxc5 8. Bf4 Nc6 9. Re1 Nd4 10. e5 Nh5 11.
Be3 Nxe2+ 12. Qxe2 Be6 13. Bxc5 Nf4 14. Qe4 Nd5 15.
Ne2 Qc7 16. Ba3 Rfd8 17. Ned4 Bc8 18. Rad1 a6 19. e6 f5 20. Qd3 b5 21. Qb3 Bb7 22. h4 Rac8 23. c3 Qf4 24. h5 Qg4 25. hxg6 hxg6 26. Nh2 Qg5 27. Ndf3 Qh5 28. Rd2 Bh6 29.
Rd4 Bf4 30. Red1 Bxh2+ 31. Nxh2 f4 32. Bxe7 Re8 33. Rxd5 Rxe7 34. Rxh5 1-0

[Event "Late-Titled-Tuesday-Blitz-September-12-2023"]
[Site "Chess.com"]
[Date "2023.09.12"]
[Round "1"]
[White "Gyulamiryan-koryun"]
[Black "Chessdreamer2020"]
[Result "0-1"]
[WhiteElo "2013"]
[BlackElo "2517"]
[TimeControl "180+1"]
[EndTime "14:06:13 PDT"]
[Termination "Chessdreamer2020 won on time"]

1. e4 d6 2. d4 Nf6 3. Bd3 e5 4. d5 Be7 5. Ne2 O-O 6. O-O c6 7. c4 a6 8. Nbc3 cxd5 9. exd5 Nbd7 10. b4 a5 11. Ba3 axb4 12. Bxb4 b6 13. f4 exf4 14.
Nxf4 Ne5 15. Be2 Ba6 16. Qd4 Rc8 17. Nb5 Bxb5 18. cxb5 Rc2 19. Bd3 Nxd3 20. Nxd3 Nd7 21. Rac1 Bf6 22. Qg4 Rxc1 23. Rxc1 Nc5 24. Nf4 Re8 25.
Nh5 Bb2 26. Rf1 g6 27. Nf6+ Bxf6 28. h4 h5 29. Qf3 Kg7 30. Bc3 Ne4 31. Bxf6+ Qxf6 32. Qe3 Qxh4 33. Qxb6 Ng3 0-1

[Event "Late-Titled-Tuesday-Blitz-September-12-2023"]
[Site "Chess.com"]
[Date "2023.09.12"]
[Round "1"]
[White "JoseRemolar"]
[Black "Oleksandr_Bortnyk"]
[Result "0-1"]
[WhiteElo "2486"]
[BlackElo "3012"]
[TimeControl "180+1"]
[EndTime "14:06:14 PDT"]
[Termination "Oleksandr_Bortnyk won by resignation"]

1. e4 Nf6 2. e5 Nd5 3. c4 Nb6 4. c5 Nd5 5. Bc4 e6 6. Nc3 Nxc3 7. dxc3 Bxc5 8. Qg4 g5 9. Qh5 h6 10. Nf3 Be7 11. Be3 d5 12. exd6 cxd6 13. Bd4 Bf6 14. O-O-O d5 15. Ne5 Qc7 16. Bb5+ Kf8 17. Rhe1 Kg7 18. f4 Nc6 19. Nxc6 bxc6 20. Bxf6+ Kxf6 21. fxg5+ Kg7 22. Bd3 Qf4+ 23. Kb1 hxg5 24. Qe2 Rxh2 25. Rf1 Qg3 26. Rf3 Qxg2 27. Qe5+ Kg8 28. Bh7+ Rxh7 29.
Rg3 Qe4+ 30. Qxe4 dxe4 31. Rxg5+ Kf8 32. Rd8+ Ke7 33. Rgg8 e3 34. Kc2 Rh2+ 35. Kd3 Rd2+ 0-1

[Event "Late-Titled-Tuesday-Blitz-September-12-2023"]
[Site "Chess.com"]
[Date "2023.09.12"]
[Round "1"]
[White "Gameking51"]
[Black "Hikaru"]
[Result "0-1"]
[WhiteElo "2512"]
[BlackElo "3220"]
[TimeControl "180+1"]
[EndTime "14:06:17 PDT"]
[Termination "Hikaru won on time"]

1. e4 c5 2. Nf3 d6 3. d4 cxd4 4. Nxd4 Nf6 5. Nc3 a6 6. Bg5 e5 7. Nb3 Be6 8. Be2 Nbd7 9. O-O Be7 10. Kh1 Rc8 11. f4 O-O 12. Qd2 b5 13. a3 h6 14.
Bxf6 Nxf6 15. Rad1 Qb6 16. fxe5 dxe5 17. Nd5 Bxd5 18.
exd5 Rfd8 19. Bd3 e4 20. Be2 Rxd5 21. Qc1 Rxd1 22. Rxd1 e3 23. Bf3 a5 24. Nd4 Bc5 25. Nf5 g6 26. Nxh6+ Kg7 27. Ng4 Nxg4 28. Bxg4 Rh8 29. Rd7 Qf6 30. h3 Qf4 31. Qd1 Re8 32.
Qd5 Qf1+ 33. Kh2 e2 34. Bxe2 Bg1+ 35. Kh1 Rxe2 0-1

[Event "Late-Titled-Tuesday-Blitz-September-12-2023"]
[Site "Chess.com"]
[Date "2023.09.12"]
[Round "1"]
[White "PabloZarnicki"]
[Black "artooon"]
[Result "0-1"]
[WhiteElo "2493"]
[BlackElo "3043"]
[TimeControl "180+1"]
[EndTime "14:06:17 PDT"]
[Termination "artooon won on time"]

1. e4 e5 2. Nf3 Nc6 3. Nc3 Nf6 4. d4 exd4 5. Nxd4 Bb4 6. Nxc6 bxc6 7. Bd3 d5 8. exd5 O-O 9. O-O cxd5 10. Bg5 Be6 11. Nb5 c5 12. a3 Ba5 13. b4 Bb6 14. bxc5 Bxc5 15. Qf3 Rc8 16. c3 Bb6 17. Rac1 h6 18. Bxf6 Qxf6 19. Qxf6 gxf6 20. Rfe1 Bd7 21. Re7 Rcd8 22.
Re2 Bg4 23. Rec2 Rfe8 24. Kf1 Bc5 25. a4 Re7 26. f3 Bd7 27. a5 Rb8 28. Nd4 Re3 29.
Bf5 Ba4 30. Ra2 Be8 31. Re2 Bxd4 0-1

[Event "Late-Titled-Tuesday-Blitz-September-12-2023"]
[Site "Chess.com"]
[Date "2023.09.12"]
[Round "1"]
[White "Malev212"]
[Black "Zampronha1971"]
[Result "1-0"]
[WhiteElo "2625"]
[BlackElo "2319"]
[TimeControl "180+1"]
[EndTime "14:06:17 PDT"]
[Termination "Malev212 won by resignation"]

1. e4 c5 2. Nf3 e6 3. g3 d5 4. exd5 exd5 5. d4 Nc6 6. Bg2 Bg4 7. O-O Be7 8. dxc5 Bxc5 9. Nc3 Nge7 10. h3 Bh5 11. g4 Bg6 12. Nh4 O-O 13. Nxg6 hxg6 14. Nxd5 Nxd5 15. Qxd5 Qb6 16. c3 a5 17. Bg5 Rfe8 18.
Rad1 Re2 19. Be3 Bxe3 20. fxe3 Qxe3+ 21. Kh1 Rf8 22. Rd3 Qe7 23. Qb5 Re5 24. Qc4 Re2 25. Rd7 Qxd7 26. Qxe2 Re8 27. Qf2 Re7 28. a4 Ne5 29.
Qc5 Nc6 30. Qd5 Re5 31. Qxd7 1-0

[Event "Late-Titled-Tuesday-Blitz-September-12-2023"]
[Site "Chess.com"]
[Date "2023.09.12"]
[Round "1"]
[White "KorolDimitriy75"]
[Black "The_Machine04"]
[Result "0-1"]
[WhiteElo "2381"]
[BlackElo "2713"]
[TimeControl "180+1"]
[EndTime "14:06:19 PDT"]
[Termination "The_Machine04 won on time"]

1. d4 d6 2. c4 e5 3. Nc3 exd4 4. Qxd4 Nc6 5. Qd2 g6 6. Nf3 Bg7 7. e3 Nf6 8. Be2 O-O 9. O-O Re8 10. Nd4 Nxd4 11.
exd4 Bf5 12. b3 Ne4 13. Nxe4 Rxe4 14. Bb2 Re8 15. Bf3 c6 16. Rfe1 Qh4 17. g3 Qf6 18. Bg2 h5 19. Rxe8+ Rxe8 20. Re1 Rxe1+ 21. Qxe1 Qe6 22.
Qe3 Kh7 23. h4 Bh6 24. Qxe6 fxe6 25. f4 Bb1 26. d5 exd5 27. cxd5 cxd5 28. Bxd5 Bxa2 29.
Kf2 Bg7 30. Bxg7 Kxg7 31. Ke3 b6 32. Kd4 Kf6 0-1

[Event "Late-Titled-Tuesday-Blitz-September-12-2023"]
[Site "Chess.com"]
[Date "2023.09.12"]
[Round "1"]
[White "karinachess1"]
[Black "Ready4abattle"]
[Result "1-0"]
[WhiteElo "2617"]
[BlackElo "2307"]
[TimeControl "180+1"]
[EndTime "14:06:19 PDT"]
[Termination "karinachess1 won by checkmate"]

1. d4 Nf6 2. c4 g6 3. g3 c6 4. Bg2 d5 5. b3 Bg7 6. Bb2 a5 7.
Nc3 O-O 8. Nf3 Na6 9. O-O Bf5 10. a3 dxc4 11. bxc4 Be6 12. Qd3 Bf5 13. e4 Nc5 14. Qe2 Ncxe4 15. Ne5 Nxc3 16. Bxc3 a4 17. g4 Be6 18.
Rab1 Qc8 19. h3 Nd7 20. Nf3 Nb8 21. Ng5 Rd8 22. Nxe6 Qxe6 23. Qxe6 fxe6 24. Rxb7 Bxd4 25. Bxd4 Rxd4 26. Rxe7 Rxc4 27. Rb1 Na6 28. Rbb7 Rf4 29. Rg7+ Kh8 30. Rxh7+ Kg8 31. Bxc6 Rd8 32. Rbg7+ Kf8 33. Ra7 Nc5 34. Rh8# 1-0

[Event "Late-Titled-Tuesday-Blitz-September-12-2023"]
[Site "Chess.com"]
[Date "2023.09.12"]
[Round "1"]
[White "Orest_Vovk"]
[Black "MajorCoast"]
[Result "1-0"]
[WhiteElo "2592"]
[BlackElo "2287"]
[TimeControl "180+1"]
[EndTime "14:06:19 PDT"]
[Termination "Orest_Vovk won by checkmate"]

1. e4 c5 2. Nf3 e6 3. a4 Nc6 4. Bb5 Nge7 5. O-O a6 6. Bxc6 Nxc6 7. d4 cxd4 8. Nxd4 Qb6 9. Nxc6 bxc6 10. a5 Qc7 11.
Re1 Be7 12. Qg4 Bf6 13. c3 h5 14. Qe2 d5 15. e5 Be7 16. Nd2 c5 17. Nf3 Bb7 18.
Bg5 Bxg5 19. Nxg5 Rd8 20. h4 g6 21. Qf3 d4 22. Qf6 O-O 23. g4 Qc6 24. Re4 Qd7 25. gxh5 Bxe4 26. h6 Rfe8 27. Qg7# 1-0

[Event "Late-Titled-Tuesday-Blitz-September-12-2023"]
[Site "Chess.com"]
[Date "2023.09.12"]
[Round "1"]
[White "PassedPawnMustPushed"]
[Black "chessisveryfun1264"]
[Result "0-1"]
[WhiteElo "2134"]
[BlackElo "2527"]
[TimeControl "180+1"]
[EndTime "14:06:20 PDT"]
[Termination "chessisveryfun1264 won on time"]

1. e4 e6 2. d4 d5 3. Nc3 Bb4 4. Ne2 Nf6 5. e5 Nfd7 6. a3 Be7 7. f4 c5 8. Be3 Nc6 9. dxc5 Bxc5 10. Nd4 O-O 11. Na4 Bxd4 12. Bxd4 Nxd4 13. Qxd4 f6 14. O-O-O fxe5 15. fxe5 Qg5+ 16. Kb1 Qxe5 17. Bb5 Qxd4 18. Rxd4 Nf6 19. Re1 a6 20. Nb6 Rb8 21. Bd3 Re8 22.
Re5 Bd7 23. c4 Bc6 24. g4 Rbd8 25. g5 Nd7 26. Nxd7 Rxd7 27. g6 hxg6 28. Bxg6 Ree7 29. c5 Rd8 30. Rh4 Be8 31. Bh7+ Kf8 32. Bd3 g6 33.
Rg5 Kg7 34. Rhg4 Kf6 35. Bxg6 Rg7 36. h4 Rxg6 37. Rf4+ Kg7 38. Re5 Rg1+ 0-1

[Event "Late-Titled-Tuesday-Blitz-September-12-2023"]
[Site "Chess.com"]
[Date "2023.09.12"]
[Round "1"]
[White "Mikhail_Bryakin"]
[Black "Mikhal867"]
[Result "0-1"]
[WhiteElo "2744"]
[BlackElo "2429"]
[TimeControl "180+1"]
[EndTime "14:06:21 PDT"]
[Termination "Mikhal867 won on time"]

1. Nf3 c5 2. b3 Nc6 3. Bb2 d6 4. e3 e5 5. Bb5 a6 6. Bxc6+ bxc6 7. O-O f5 8. c4 Nf6 9. d4 cxd4 10. exd4 e4 11.
Re1 Be7 12. d5 exf3 13. Bxf6 gxf6 14. Qxf3 c5 15. Qh5+ Kd7 16. Nc3 Qe8 17. Qxf5+ Kc7 18. Qf4 Qd7 19. Ne4 Qg4 20. Qxg4 Bxg4 21. Nxc5 dxc5 22.
Rxe7+ Kd6 23. Rae1 Bd7 24. R7e3 Rae8 25. Kf1 Rxe3 26.
Rxe3 Re8 27. Rf3 Ke5 28. Re3+ Kd4 0-1

[Event "Late-Titled-Tuesday-Blitz-September-12-2023"]
[Site "Chess.com"]
[Date "2023.09.12"]
[Round "1"]
[White "Igor_Lysyj"]
[Black "Jahonas"]
[Result "1-0"]
[WhiteElo "2846"]
[BlackElo "2442"]
[TimeControl "180+1"]
[EndTime "14:06:22 PDT"]
[Termination "Igor_Lysyj won by resignation"]

1. d4 Nf6 2. Nf3 e6 3. c4 b6 4. g3 Bb7 5. Bg2 Bb4+ 6. Bd2 Be7 7. Nc3 O-O 8. O-O c5 9. d5 exd5 10. Nh4 d6 11. Nf5 Re8 12. Bg5 Nbd7 13. Nxe7+ Qxe7 14. cxd5 h6 15. Bf4 a6 16. a4 Rad8 17.
Rb1 g5 18. Bd2 Ne5 19. b4 Nc4 20. Be1 Nd7 21. bxc5 dxc5 22. Qc1 Nd6 23. Bd2 a5 24. f4 Nc4 25. e4 Nxd2 26. Qxd2 Ba6 27. Rf2 Rb8 28.
e5 Nf8 29. d6 Qd8 30. Nd5 Nd7 31. Rd1 Bb7 32. Ne7+ Rxe7 33. dxe7 Qxe7 34. Qxd7 1-0

[Event "Late-Titled-Tuesday-Blitz-September-12-2023"]
[Site "Chess.com"]
[Date "2023.09.12"]
[Round "1"]
[White "Quattroporte300"]
[Black "Hasangatin_Ramil"]
[Result "0-1"]
[WhiteElo "2383"]
[BlackElo "2714"]
[TimeControl "180+1"]
[EndTime "14:06:22 PDT"]
[Termination "Hasangatin_Ramil won by resignation"]

1. e4 d5 2. exd5 Qxd5 3. Nf3 Bg4 4. Be2 Nc6 5. h3 Bxf3 6. Bxf3 Qe5+ 7. Qe2 Qxe2+ 8. Bxe2 Nd4 9. Bd1 e5 10. c3 Ne6 11. d3 O-O-O 12. Be2 Nc5 13. f4 exf4 14. d4 Ne6 15. Bg4 Re8 16. Bxf4 Nf6 17. Bxe6+ Rxe6+ 18. Kf2 Ne4+ 19. Kf3 g5 20. Nd2 Rf6 21. Nxe4 Rxf4+ 22. Ke3 Be7 23. Rhf1 f5 24. Ng3 Rxf1 25. Nxf1 Bd6 26.
Re1 Re8+ 27. Kf2 Rxe1 28. Kxe1 Kd7 29. Ne3 Ke6 30. Kf2 h5 31. Nc4 b5 32. Nxd6 cxd6 33. b3 d5 34. Ke3 f4+ 35. Kd3 g4 36. hxg4 hxg4 37. a4 bxa4 38. bxa4 Kf5 39. c4 dxc4+ 40.
Kxc4 f3 41. gxf3 g3 42. d5 g2 43. d6 Ke6 0-1

[Event "Late-Titled-Tuesday-Blitz-September-12-2023"]
[Site "Chess.com"]
[Date "2023.09.12"]
[Round "1"]
[White "emeli_chess"]
[Black "oskariot"]
[Result "1/2-1/2"]
[WhiteElo "2379"]
[BlackElo "2685"]
[TimeControl "180+1"]
[EndTime "14:06:22 PDT"]
[Termination "Game drawn by repetition"]

1. d4 Nf6 2. c4 c5 3. d5 g6 4. Nc3 d6 5. e4 Bg7 6. h3 O-O 7. Nf3 e6 8. Bd3 Na6 9. O-O Nc7 10. Re1 Rb8 11. Bg5 h6 12. Be3 exd5 13. cxd5 b5 14. Qd2 Kh7 15. e5 Nfxd5 16. Nxd5 Nxd5 17. Bxg6+ fxg6 18. Qxd5 dxe5 19. Qxd8 Rxd8 20. Bxc5 Rd5 21. Bxa7 Ra8 22. Be3 e4 23. Nd2 Bxb2 24. Rad1 Rxa2 25. Nxe4 Rxd1 26. Rxd1 Bf5 27. Nd6 b4 28. Nxf5 gxf5 29. Rd7+ Kg6 30. Rb7 Ra1+ 31. Kh2 Rb1 32. g4 fxg4 33.
hxg4 Bg7 34. Rb6+ Kf7 35. Rb7+ Kg6 36. Rb6+ Kf7 37. Rb7+ Kg8 38. Rb8+ Kh7 39. Rb7 Kg8 40. Rb8+ Kf7 41. Rb7+ 1/2-1/2

[Event "Late-Titled-Tuesday-Blitz-September-12-2023"]
[Site "Chess.com"]
[Date "2023.09.12"]
[Round "1"]
[White "slorovel"]
[Black "Rinqed222"]
[Result "1-0"]
[WhiteElo "2542"]
[BlackElo "2224"]
[TimeControl "180+1"]
[EndTime "14:06:23 PDT"]
[Termination "slorovel won by resignation"]

1. Nf3 Nf6 2. b4 g6 3. Bb2 Bg7 4. g3 O-O 5. Bg2 d6 6. O-O e5 7.
c4 c6 8. d3 h6 9. Nbd2 Be6 10.
Qc2 Qd7 11. a4 Bh3 12. c5 Bxg2 13. Kxg2 Nd5 14. Qb3 Na6 15. Ne4 Naxb4 16. Nxd6 Qe6 17. Qc4 a5 18. Nxb7 f5 19. Nd6 e4 20. dxe4 fxe4 21.
Nd4 Qf6 22. Nxc6 Qxb2 23. Nxb4 Qxb4 24. Qxd5+ Kh7 25. Rab1 Qxa4 26. Rb7 e3 27. Qe5 Rg8 28. fxe3 Qc6+ 29. Qe4 Qxe4+ 30. Nxe4 Kh8 31. Rff7 Rae8 32. Nf6 Rxe3 33. Nxg8 Kxg8 34. Rxg7+ 1-0

[Event "Late-Titled-Tuesday-Blitz-September-12-2023"]
[Site "Chess.com"]
[Date "2023.09.12"]
[Round "1"]
[White "subham777"]
[Black "ChEsper99"]
[Result "1-0"]
[WhiteElo "2544"]
[BlackElo "2234"]
[TimeControl "180+1"]
[EndTime "14:06:25 PDT"]
[Termination "subham777 won on time"]

1. e4 c5 2. Nf3 d6 3. d4 cxd4 4. Qxd4 Nc6 5. Bb5 Bd7 6. Bxc6 Bxc6 7. c4 Nf6 8. Nc3 g6 9. Bg5 Bg7 10. O-O O-O 11. Qd3 h6 12. Bh4 Rc8 13. Rac1 Qb6 14. b3 Rfe8 15. Nd5 Bxd5 16. exd5 Nd7 17. Rfe1 Ne5 18. Nxe5 Bxe5 19. Bg3 Bxg3 20. hxg3 a5 21. Re4 a4 22. Rce1 axb3 23. axb3 Qc7 24. Rg4 Kg7 25. Re6 g5 26. Qd4+ f6 27. Rge4 Qd7 28.
f4 b5 29. fxg5 hxg5 30. Rg4 Kf7 31. Qe4 Rh8 32. Qe3 bxc4 33. bxc4 Rc7 34. Rge4 1-0